 Dungeon Crawl Stone Soup version 0.30-a0-458-g86641cc369 (webtiles) character file.

Game seed: 14505469634596731349

5758 PyroL the Placeless Draconian (level 10, -1/86 HPs)
             Began as a Yellow Draconian Warper on Dec 14, 2022.
             Was a Follower of Sif Muna.
             Succumbed to a killer bee's poison
             ... on level 8 of the Dungeon.
             The game lasted 00:42:31 (15028 turns).

PyroL the Placeless Draconian (DrWr)               Turns: 15028, Time: 00:42:31

Health: -1/86      AC:  9    Str: 15    XL:     10   Next: 49%
Magic:  31/31      EV: 16    Int: 13    God:    Sif Muna [*.....]
Gold:   474        SH:  0    Dex: 15    Spells: 16/25 levels left

rFire   . . .      SeeInvis .    D - +4 falchion of Xypp {vorpal, rElec Dex+4 Stlth-}
rCold   . . .      Faith    .    (no shield)
rNeg    + + .      Spirit   .    (body armour unavailable)
rPois   .          Reflect  .    (helmet restricted)
rElec   +          Harm     .    K - +0 cloak
rCorr   +          Rampage  .    F - +0 pair of gloves
Will    .....                    (no boots)
Stlth   ..........               (no amulet)
HPRegen 0.34/turn                h - ring of magical power
MPRegen 0.22/turn                v - ring of Fixation {rN++ EV+4 Int-3}

@: lethally poisoned (-1 -> -19)
A: spit acid, AC +7, unfitting armour, cold-blooded, acid resistance
a: Breathe Acid, Renounce Religion, Channel Magic


You were on level 8 of the Dungeon.
You worshipped Sif Muna.
Sif Muna was aware of your devotion.
You visited 2 branches of the dungeon, and saw 10 of its levels.

You collected 474 gold pieces.

Inventory:

Hand Weapons
 D - the +4 falchion of Xypp (weapon) {vorpal, rElec Dex+4 Stlth-}
   (You found it on level 7 of the Dungeon)

   It inflicts extra damage upon your enemies.
   Dex:       It affects your dexterity (+4).
   rElec:     It insulates you from electricity.
   Stlth:     It makes you less stealthy.
Missiles
 a - 2 javelins
 c - 5 boomerangs of dispersal
 e - 2 atropa-tipped darts
 p - 2 throwing nets
 r - 12 poisoned darts
Armour
 F - a +0 pair of gloves (worn)
 K - a +0 cloak (worn)
Jewellery
 h - a ring of magical power (left hand)
 v - the ring of Fixation (right hand) {rN++ EV+4 Int-3}
   (You found it on level 4 of the Dungeon)

   [ring of evasion]

   EV:        It affects your evasion (+4).
   Int:       It affects your intelligence (-3).
   rN:        It greatly protects you from negative energy.
 G - a ring of ice
Wands
 k - a wand of digging (5)
 z - a wand of paralysis (16)
 C - a wand of mindburst (3)
Scrolls
 b - 4 scrolls of blinking
 d - a scroll of fog
 i - a scroll of vulnerability
 l - a scroll of enchant armour
 m - 2 scrolls of teleportation
 s - a scroll of enchant weapon {unknown}
 t - a scroll of magic mapping
 u - 2 scrolls of poison
 x - a scroll of immolation {unknown}
 y - a scroll of silence {unknown}
 A - 2 scrolls of noise {unknown}
Potions
 f - a potion of berserk rage {unknown}
 g - a potion of flight
 j - a potion of invisibility
 n - 3 potions of mutation
 o - a potion of haste {unknown}
 q - a potion of cancellation {unknown}
 E - a potion of brilliance {unknown}
 H - a potion of degeneration {unknown}
 I - a potion of lignification {unknown}
 J - a potion of magic {unknown}


   Skills:
 - Level 7.3 Fighting
 - Level 2.0 Maces & Flails
 - Level 0.8 Throwing
 - Level 2.1 Dodging
 * Level 8.3 Unarmed Combat
 - Level 8.3 Spellcasting
 - Level 10.0 Translocations
 + Level 2.2 Transmutations


You had 16 spell levels left.
You knew the following spells:

 Your Spells              Type           Power      Damage    Failure   Level
a - Blink                 Tloc           62%        N/A       1%          2
b - Manifold Assault      Tloc           31%        N/A       2%          4
c - Vhi's Electric Charg  Tloc/Air       36%        N/A       4%          3

Your spell library contained the following spells:

 Spells                   Type           Power      Damage    Failure   Level
 Lesser Beckoning         Tloc           62%        N/A       1%          3
 Teleport Other           Tloc           31%        N/A       1%          3
 Portal Projectile        Hex/Tloc       36%        N/A       4%          3
 Kiss of Death            Conj/Necr      20%        2d7       13%         1
 Summon Small Mammal      Summ           20%        N/A       13%         1
 Ignite Poison            Fire/Tmut/Pois 7%         N/A       28%         3
 Call Canine Familiar     Summ           5%         N/A       36%         3
 Summon Guardian Golem    Hex/Summ       5%         N/A       36%         3
 Tukima's Dance           Hex            5%         N/A       36%         3
 Sticky Flame             Conj/Fire      5%         2d3       78%         4
 Blade Hands              Tmut           5%         N/A       82%         5
 Ignition                 Fire           2%         3d3       100%        8


Dungeon Overview and Level Annotations

Branches:
Dungeon (9/15)             Temple (1/1) D:7            Lair (0/5) D:8
    Orc: D:9-12

Altars:
Ashenzari
Dithmenos
Elyvilon
Fedhas
Gozag
Hepliaklqana
Kikubaaqudgha
Makhleb
Nemelex Xobeh
Okawaru
Qazlal
Ru
Sif Muna
Trog
Uskayaw
Vehumet
Wu Jian
Xom
Yredelemnul
Zin
The Shining One

Shops:
D:6 [   D:9 (=

Annotations:
D:8 exclusion: death yak
D:9 Amaemon


Innate Abilities, Weirdness & Mutations

You can spit globs of acid.
Your golden yellow scales are hard. (AC +7)
You cannot fit into any form of body armour.
You are cold-blooded and may be slowed by cold attacks.
You are resistant to acid. (rCorr)


Message History

You completely miss the killer bee.
Your tail-slap misses the killer bee.
The killer bee is moderately wounded.
* * * LOW HITPOINT WARNING * * *
You feel very sick. The killer bee misses you.
The killer bee completely misses you.
Unknown command.
You bump into the rock wall.
* * * LOW HITPOINT WARNING * * *
You feel very sick. The killer bee barely misses you.
The killer bee stings you but does no damage.
Unknown command.
You hit the killer bee.
The killer bee is heavily wounded.
* * * LOW HITPOINT WARNING * * *
You feel very sick. The killer bee stings you.
* * * LOW HITPOINT WARNING * * *
You are more poisoned.
The killer bee poisons you! The killer bee misses you.
The killer bee barely misses you.
You hit the killer bee.
The killer bee is severely wounded.
* * * LOW HITPOINT WARNING * * *
You feel very sick. The killer bee closely misses you.
The killer bee stings you but does no damage.
Unknown command.
You're too confused to move!
You feel less invigorated.
You feel less confused.
* * * LOW HITPOINT WARNING * * *
You feel very sick. The killer bee stings you.
* * * LOW HITPOINT WARNING * * *
You are more poisoned.
The killer bee poisons you!
The killer bee stings you but does no damage.
You miss the killer bee.
The killer bee is severely wounded.
You die...

###### #..... #.#### #.....
###### #..)..
###########...†######.###.
#........@y....†......###.
########.......###....##.........
.........)............>#.....####
Y#######...[...#.#.....#.....# ##
##[...(.#.#.....#.....# #
###....#.............# #
#...#.########.####### # #...#.#
#.# # #..Y..# #.#


You could see a killer bee.

Vanquished Creatures
  A two-headed ogre (D:8)
  Maurice (D:9)
  An orange demon (D:9)
  An unseen horror zombie (D:7)
  Maggie (D:6)
  A troll (D:8)
  Sigmund (D:5)
  A yak (D:9)
  A steam dragon (D:6)
  2 hornet zombies (D:7)
  An ice beast (D:5)
  An orc warrior (D:7)
  2 sky beasts (D:7)
  A centaur (D:8)
  A phantom (D:5)
  2 bullfrogs (D:7)
  3 wyvern zombies (D:7)
  A scorpion (D:5)
  3 necrophages
  15 wights
  11 killer bees
  A howler monkey (D:7)
  An electric eel (D:9)
  A centaur zombie (D:7)
  A bullfrog zombie (D:7)
  4 jellies
  6 hounds
  2 orc priests
  6 orc wizards
  A killer bee zombie (D:7)
  3 howler monkey zombies (D:7)
  8 adders
  2 shadow imps
  2 white imps
  An ufetubus (D:4)
  5 worms
  2 dart slugs
  21 orcs
  2 bats
  10 endoplasms
  6 giant cockroaches
  5 goblins
  9 hobgoblins
  6 kobolds
  A quokka (D:1)
  6 ball pythons
  2 frilled lizards (D:1)
  3 rats (D:3)
169 creatures vanquished.

Vanquished Creatures (others)
  An adder (D:6)
1 creature vanquished.

Grand Total: 170 creatures vanquished

Notes
Turn   | Place    | Note
-------+----------+-------------------------------------------
     0 | D:1      | PyroL the Draconian Warper began the quest for the Orb.
     0 | D:1      | Reached XP level 1. HP: 17/17 MP: 3/3
   320 | D:1      | Reached XP level 2. HP: 23/25 MP: 5/5
   791 | D:1      | Learned a level 2 spell: Blink
  1324 | D:2      | Reached XP level 3. HP: 30/30 MP: 6/6
  1324 | D:2      | Found a bloodstained altar of Trog.
  1780 | D:2      | Reached skill level 9 in Translocations
  1780 | D:2      | Reached XP level 4. HP: 47/47 MP: 7/7
  1786 | D:2      | Learned a level 4 spell: Manifold Assault
  2770 | D:3      | Reached XP level 5. HP: 47/52 MP: 8/8
  3642 | D:4      | Identified the ring of Fixation {rN++ EV+4 Int-3}
  3718 | D:4      | Found a blossoming altar of Fedhas.
  3823 | D:4      | Found a hazy altar of Hepliaklqana.
  3872 | D:4      | Found a white marble altar of Elyvilon.
  3957 | D:4      | Found a burning altar of Makhleb.
  4271 | D:5      | Entered Level 5 of the Dungeon
  4393 | D:5      | Noticed a phantom
  4412 | D:5      | Reached XP level 6. HP: 44/60 MP: 7/10
  4566 | D:5      | Noticed Sigmund
  4580 | D:5      | Learned a level 3 spell: Vhi's Electric Charge
  4741 | D:5      | Noticed an ice beast
  4756 | D:5      | Killed an ice beast
  4757 | D:5      | Reached skill level 10 in Translocations
  4757 | D:5      | Your scales start taking on a golden yellow colour.
  4757 | D:5      | Reached XP level 7. HP: 65/66 MP: 3/12
  4757 | D:5      | Gained mutation: You are resistant to acid. (rCorr) [Yellow
                  | Draconian growth]
  4872 | D:5      | Found a sacrificial altar of Ru.
  4910 | D:5      | Found a glowing silver altar of Zin.
  4992 | D:5      | Found a shimmering blue altar of Sif Muna.
  5270 | D:5      | Became a worshipper of Sif Muna the Loreminder
  5280 | D:5      | Got Sif Muna's Parchment of Attacks
  6140 | D:5      | Killed Sigmund
  6448 | D:6      | Reached skill level 1 in Unarmed Combat
  6861 | D:6      | Found a glowing golden altar of the Shining One.
  7074 | D:6      | Noticed Maggie
  7091 | D:6      | Killed Maggie
  7092 | D:6      | Reached skill level 5 in Spellcasting
  7092 | D:6      | Reached XP level 8. HP: 71/73 MP: 3/15
  7739 | D:6      | Found Igexzy's Antique Armour Shoppe.
  7832 | D:6      | Found an opulent altar of Gozag.
  8147 | D:7      | Reached * piety under Sif Muna
  8148 | D:7      | Found a staircase to the Ecumenical Temple.
  8200 | Temple   | Entered the Ecumenical Temple
  8205 | D:7      | Identified the +4 falchion of Xypp {vorpal, rElec Dex+4
                  | Stlth-}
  9576 | D:7      | Reached XP level 9. HP: 69/78 MP: 18/18
  9794 | D:7      | Found a basalt altar of Yredelemnul.
  9794 | D:7      | Found a shadowy altar of Dithmenos.
  9880 | D:7      | HP: 3/79 [wyvern zombie (10)]
 10147 | D:7      | Reached skill level 5 in Unarmed Combat
 11153 | D:8      | Noticed a death yak
 11226 | D:8      | Noticed a troll
 11237 | D:8      | Killed a troll
 11517 | D:8      | Reached ** piety under Sif Muna
 11664 | D:8      | Identified the +1 ring mail of Glamorous Birdsong {Harm}
 11933 | D:8      | Reached XP level 10. HP: 48/86 MP: 17/21
 12415 | D:8      | Noticed a death yak
 12415 | D:8      | Noticed a death yak
 12491 | D:8      | Noticed a two-headed ogre
 12709 | D:8      | Found a staircase to the Lair.
 12762 | D:8      | Killed a two-headed ogre
 14083 | D:9      | Noticed Amaemon
 14234 | D:9      | Found Ahomunal's Jewellery Shoppe.
 14399 | D:9      | Noticed Maurice
 14427 | D:9      | Noticed an orange demon
 14444 | D:9      | Found a stormy altar of Qazlal.
 14458 | D:9      | Killed an orange demon
 14459 | D:9      | Reached skill level 1 in Transmutations
 14488 | D:9      | Killed Maurice
 14651 | D:9      | Found Fagaf's Weapon Emporium.
 15028 | D:8      | Succumbed to a killer bee's poison

Illustrated notes

Levels and vault maps discovered:
D:1:      dpeg_arrival_ternary, layout_basic
D:2:      layout_basic, basic_altar, nrook_loot_triangle, item_on_display_a
D:3:      layout_basic, nicolae_titane
D:4:      layout_cave_pools, nicolae_elyvilon_peaceful_grove,
          old_standard_altar, makhleb_heckhound_becter, fedhas_altar_1
D:5:      layout_gridville, led_sif_book, lemuel_tele_altar,
          kennysheep_little_box, uniq_sigmund
D:6:      layout_basic, mainiacjoe_overflow_surrounded_room,
          mainiacjoe_overflow_tiny_flanked, serial_shops, shop_statue,
          minmay_holes, lemuel_flamethrower_1, uniq_maggie
D:7:      layout_loops_ring, amethyst_overflow_temple_binary,
          minmay_temple_entry_statues_pillars, serial_undead, serial_undead_d,
          serial_undead_f, serial_undead_a, serial_undead_a
D:8:      layout_basic, dpeg_lair_monsters
D:9:      layout_big_octagon, nicolae_qazlal_style_of_elements,
          general_overflow_altar, trog_butcher_becter, serial_glass,
          glass_columns_c, glass_columns_a, glass_columns_a, glass_columns_c,
          serial_shops, nicolae_shop_bloodbath_and_beyond,
          nicolae_shop_statue_plus, nicolae_shop_crystal, shop, shop,
          small_statue_alley_b, minmay_crystal_water, uniq_amaemon, uniq_maurice
Temple:   hellmonk_temple_flake

Skill      XL: |  1  2  3  4  5  6  7  8  9 10 |
---------------+-------------------------------+-----
Fighting       | 7 |  7.3
Translocations | 9 10 | 10.0
Spellcasting   | 3 5 6 7 8 |  8.3
Unarmed Combat | 2 4 6 8 |  8.3
Transmutations | 2 |  2.2
Maces & Flails | |  2.0
Throwing       | |  0.8
Dodging        | |  2.1

Action                   |  1- 3 |  4- 6 |  7- 9 | 10-12 || total
-------------------------+-------+-------+-------+-------++-------
Melee: Mace              |    96 |    60 |       |       ||   156
       Tailslap          |    12 |    20 |    43 |    14 ||    89
       Whip              |       |   118 |   212 |       ||   330
       Falchion          |       |       |   266 |   160 ||   426
       Punch             |       |       |     7 |     2 ||     9
Throw: Boomerang         |     1 |     1 |       |       ||     2
 Cast: Blink             |     2 |     3 |    10 |    16 ||    31
       Manifold Assault  |       |    17 |   118 |    54 ||   189
       Vhi's Electric Ch |       |       |     2 |       ||     2
 Abil: Breathe Acid      |       |       |     1 |       ||     1
Evoke: Wand              |       |       |       |     2 ||     2
  Use: Scroll            |     3 |     1 |     7 |     7 ||    18
       Potion            |     1 |       |     1 |     4 ||     6
Armor: Skin              |    37 |    50 |    81 |    50 ||   218
Dodge: Dodged            |    70 |   125 |   315 |   194 ||   704

Table legend: (Time is in decaauts)
 A = Elapsed time spent in this place.
 B = Non-inter-level travel time spent in this place.
 C = Inter-level travel time spent in this place.
 D = Time resting spent in this place.
 E = Time spent auto-exploring this place.
 F = Levels seen in this place.
 G = Mean time per level.
                   A        B        C        D        E       F      G
               +--------+--------+--------+--------+--------+-----+--------+
         Total |  15209 |  14673 |    536 |   5309 |   6481 |  10 | 1520.9 |
       Dungeon |  15054 |  14518 |    536 |   5309 |   6349 |   9 | 1672.7 |
        Temple |    155 |    155 |      0 |      0 |    132 |   1 |  155.0 |
               +--------+--------+--------+--------+--------+-----+--------+

Top non-repeatable levels by time:
     D:7: 2898 daAuts
     D:8: 2682 daAuts
     D:6: 2606 daAuts
     D:5: 2006 daAuts
     D:2: 1280 daAuts
     D:1: 1181 daAuts
     D:3: 1163 daAuts
     D:4: 701 daAuts
     D:9: 534 daAuts
  Temple: 155 daAuts
